 Dungeon Crawl Stone Soup version 0.28.0-1-gb440e238dd (webtiles) character file.

Game seed: 5835666328596919406

550 arthad the Stinger (level 7, -1/48 HPs)
             Began as an Octopode Wanderer on Feb 20, 2022.
             Slain by a black bear (6 damage)
             ... on level 5 of the Dungeon.
             The game lasted 00:05:34 (3949 turns).

arthad the Stinger (Octopode Wanderer)              Turns: 3949, Time: 00:05:35

Health: -1/48      AC:  1    Str: 10    XL:     7   Next: 29%
Magic:  12/12      EV: 17    Int: 17    God:
Gold:   197        SH:  0    Dex: 12    Spells: 12/13 levels left

rFire   + . .      SeeInvis .   a - +1 hand axe
rCold   + . .      Faith    .   (no shield)
rNeg    . . .      Spirit   .   (helmet restricted)
rPois   .          Reflect  .   m - amulet of the acrobat
rElec   .          Harm     .   b - ring of willpower
rCorr   .          Rampage  .   d - ring of protection from cold
Will    +....                   g - ring of protection from fire
Stlth   +++.......              h - +4 ring of evasion
HPRegen 0.16/turn               (no ring)
MPRegen 0.13/turn               (no ring)
                                (no ring)
                                (no ring)

@: no status effects
A: almost no armour, amphibious, 8 rings, camouflage 1, gelatinous body 1,
(nimble swimmer 1), tentacles
a: no special abilities


You were on level 5 of the Dungeon.
You visited 1 branch of the dungeon, and saw 5 of its levels.

You collected 197 gold pieces.

Inventory:

Hand Weapons
 a - a +1 hand axe (weapon)
Jewellery
 b - a ring of willpower (left tentacle)
 d - a ring of protection from cold (right tentacle)
 g - a ring of protection from fire (on tentacle)
 h - a +4 ring of evasion (on tentacle)
 m - an amulet of the acrobat (around mantle)
Wands
 q - a wand of iceblast (9)
Scrolls
 j - a scroll of identify {unknown}
 k - a scroll of fear {unknown}
 n - a scroll of teleportation {unknown}
 p - a scroll of enchant armour {unknown}
 r - a scroll of fog {unknown}
Potions
 c - a potion of degeneration {unknown}
 e - a potion of haste
 f - a potion of might {unknown}
 i - a potion of invisibility {unknown}
 l - a potion of cancellation {unknown}
 o - a potion of curing {unknown}


   Skills:
 + Level 4.0 Fighting
 + Level 3.3 Axes
 + Level 2.5 Dodging
 + Level 3.6 Stealth
 * Level 3.8 Spellcasting
 + Level 5.8 Poison Magic


You had 12 spell levels left.
You knew the following spells:

 Your Spells              Type           Power      Damage    Failure   Level
a - Sting                 Tmut/Pois      52%        1d5       4%          1

Your spell library contained the following spells:

 Spells                   Type           Power      Damage    Failure   Level
 Poisonous Vapours        Pois/Air       26%        N/A       8%          2
 Olgreb's Toxic Radiance  Pois           23%        N/A       14%         4
 Ignite Poison            Fire/Tmut/Pois 9%         N/A       22%         3


Dungeon Overview and Level Annotations

Branches:
Dungeon (5/15)
 Temple: D:4-7

Altars:
Gozag
Nemelex Xobeh


Innate Abilities, Weirdness & Mutations

You cannot wear most types of armour.
You are amphibious.
You can wear up to eight rings at the same time.
Your skin changes colour to match your surroundings (Stealth+).
Your rubbery body absorbs attacks. (AC +1, EV +1)
((You are camouflaged when in or above water. (Stealth+)))
You have tentacles for arms and can constrict up to eight enemies at once.


Message History

You now have 197 gold pieces (gained 10).
A black bear comes into view.
You see here a scroll labelled KISTRY ETHRE.
r - a scroll labelled KISTRY ETHRE You hit the black bear.
You grab the black bear.
The black bear is lightly wounded.
You constrict the black bear. The black bear bites you!
The black bear claws you. The black bear barely misses you.
You hit the black bear.
The black bear is moderately wounded.
You constrict the black bear. The black bear bites you.
The black bear barely misses you. The black bear misses you.
You hit the black bear.
The black bear is moderately wounded.
You constrict the black bear. The black bear closely misses you.
The black bear claws you. x2
You are too injured to fight recklessly!
You are too injured to fight recklessly!
You are too injured to fight recklessly!
You are too injured to fight recklessly!
You are too injured to fight recklessly!
A black bear is nearby!
You are too injured to fight recklessly!
You hit the black bear.
The black bear is severely wounded.
You constrict the black bear.
The black bear goes berserk!
The black bear closely misses you. x2; The black bear claws you.
You completely miss the black bear.
The black bear is severely wounded.
You constrict the black bear. The black bear closely misses you.
The black bear misses you. The black bear claws you.
* * * LOW HITPOINT WARNING * * *
You hit the black bear but do no damage.
The black bear is almost dead.
You constrict the black bear. The black bear barely misses you.
The black bear closely misses you. The black bear barely misses you.
The black bear bites you!
* * * LOW HITPOINT WARNING * * *
The black bear claws you.
You die...

#.###.#### #
#........###.#
#..##.##.....
######).##.##..##
............[....#
#######.<##.##...#
#..##.##...#
#....$.....#
#.###.###@.# #.#
#.# #h.# #.# #..
..... ..
.......##.# $.
####.# # .# .# ..


You could see a black bear (berserk).

Vanquished Creatures
  A centaur (D:3)
  2 scorpions (D:4)
  2 howler monkeys (D:4)
  A bullfrog zombie (D:5)
  A hound (D:4)
  A jelly (D:4)
  A bullfrog skeleton (D:3)
  2 iguanas (D:4)
  Ijyb (D:5)
  An adder (D:4)
  2 worms
  3 dart slugs
  4 orcs (D:3)
  5 ball pythons
  5 bats
  10 endoplasms
  A giant cockroach (D:4)
  3 goblins
  4 hobgoblins
  2 jackals (D:3)
  4 quokkas
  2 frilled lizards (D:3)
  A jackal skeleton (D:4)
  3 kobolds
  5 rats
67 creatures vanquished.

Notes
Turn   | Place    | Note
-------+----------+-------------------------------------------
     0 | D:1      | arthad the Octopode Wanderer began the quest for the Orb.
     0 | D:1      | arthad set off with the following items: a +1 hand axe; and
                  | the following spell memorised: Sting; and the following
                  | spells available to memorise: Poisonous Vapours, Ignite
                  | Poison
     0 | D:1      | Reached XP level 1. HP: 16/16 MP: 2/2
   358 | D:1      | Reached XP level 2. HP: 21/21 MP: 3/3
  1186 | D:2      | Reached XP level 3. HP: 24/26 MP: 5/5
  1494 | D:2      | Reached skill level 1 in Stealth
  1494 | D:2      | Reached skill level 5 in Poison Magic
  1942 | D:3      | Noticed a centaur
  1958 | D:3      | Killed a centaur
  1959 | D:3      | Reached skill level 1 in Dodging
  1959 | D:3      | Reached XP level 4. HP: 18/31 MP: 7/7
  1959 | D:3      | Reached XP level 5. HP: 21/36 MP: 8/8
  2305 | D:3      | Found a sparkling altar of Nemelex Xobeh.
  2841 | D:4      | Reached XP level 6. HP: 31/42 MP: 10/10
  2980 | D:4      | Found an opulent altar of Gozag.
  3592 | D:4      | Reached XP level 7. HP: 39/47 MP: 12/12
  3845 | D:5      | Entered Level 5 of the Dungeon
  3845 | D:5      | Noticed Ijyb
  3853 | D:5      | Killed Ijyb
  3949 | D:5      | Slain by a black bear

Illustrated notes

Levels and vault maps discovered:
D:1:      dpeg_arrival_boxorama, layout_basic
D:2:      layout_loops_ring, serial_bayou_lagoon_a
D:3:      layout_loops_cross, mainiacjoe_overflow_chevrons
D:4:      layout_loops_cross, mainiacjoe_overflow_alcove_2,
          kennysheep_generic_room_3
D:5:      layout_loops_ring, minmay_temple_entry_glassed_door,
          minmay_quadrilaterals, uniq_pikel, uniq_ijyb

Skill      XL: |  1  2  3  4  5  6  7 |
---------------+----------------------+-----
Stealth        | 2 3 |  3.6
Spellcasting   | 2 3 |  3.8
Poison Magic   | 5 |  5.8
Dodging        | 1 2 |  2.5
Axes           | 3 |  3.3
Fighting       | 4 |  4.0

Action                   |  1- 3 |  4- 6 |  7- 9 || total
-------------------------+-------+-------+-------++-------
Melee: Hand axe          |    67 |    74 |    29 ||   170
       Tentacles         |    15 |    21 |     6 ||    42
       Constrict         |    11 |    17 |     4 ||    32
       Punch             |     1 |     1 |       ||     2
 Cast: Sting             |     2 |       |       ||     2
  Use: Potion            |     2 |       |       ||     2
 Stab: Sleeping          |     7 |    14 |     1 ||    22
       Distracted        |       |     1 |       ||     1
Armor: Skin              |     6 |     2 |     1 ||     9
Dodge: Dodged            |    32 |    47 |    38 ||   117
